 Yiufcrawl Soup (a DCSS fork) version 1.4.3-12-g4539fca (webtiles) character file.

35 AlphabetPasta the Skirmisher (level 3, 0/29 HPs)
             Began as a Null Wanderer on Mar 11, 2017.
             Succumbed to an adder's poison
             ... on level 2 of the Dungeon.
             The game lasted 00:05:17 (907 turns).

AlphabetPasta the Skirmisher (Null Wanderer)         Turns: 907, Time: 00:05:18

Health: 0/29       AC:  2    Str: 12    XL:     3   Next: 35%
Magic:  0/5        EV: 11    Int: 13    God:
Gold:   67         SH:  0    Dex: 12    Spells: 3/4 levels left

rFire    . . .     SeeInvis .   a - +2 dagger
rCold    . . .     Gourm    .   e - +0 robe
rNeg     + . .     Faith    .   (no shield)
rPois    .         Spirit   .   (no helmet)
rElec    .         Reflect  .   (no cloak)
rCorr    .         Harm     .   (no gloves)
MR       .....                  (no boots)
Stlth    ++........             (no amulet)
Regen    0.1/turn               (no ring)
MPRegen  0.1/turn               l - ring of positive energy (curse)

@: lethally poisoned (0 -> -12), very slightly contaminated
A: NULL
a: no special abilities


You were on level 2 of the Dungeon.
You were not hungry.

You visited 1 branch of the dungeon, and saw 2 of its levels.

You collected 67 gold pieces.

Inventory:

Hand Weapons
 a - a +2 dagger (weapon)
Missiles
 n - 32 bolts
Armour
 e - a +0 robe (worn)
Jewellery
 l - a cursed ring of positive energy (left hand)
Scrolls
 b - a scroll of blinking
 h - a scroll of identify
Books
 c - the Incunabulum of Poison

   Spells                             Type                      Level
   a - Sting                          Conjuration/Poison           1
   b - Spider Form                    Transmutation/Poison         3
Comestibles
 f - 2 bread rations
 m - 2 meat rations


   Skills:
 * Level 3.4 Fighting
   Level 1.0 Maces & Flails
 + Level 1.4 Armour
 + Level 0.4 Dodging
 - Level 1.7 Stealth
 * Level 1.4 Spellcasting
 + Level 1.6 Conjurations
   Level 1.0 Fire Magic
 + Level 1.0 Poison Magic


You had 3 spell levels left.
You knew the following spells:

 Your Spells              Type           Power        Failure   Level  Hunger
a - Sting                 Conj/Pois      #...         17%         1    ##.....


Dungeon Overview and Level Annotations

Branches:
Dungeon (2/15)

Altars:


Message History

You feel sick.
You barely miss the goblin.
The goblin is moderately wounded.
You feel sick. The goblin hits you with a dagger.
You barely miss the goblin.
The goblin is moderately wounded.
* * * LOW HITPOINT WARNING * * *
You feel sick. The goblin hits you with a dagger.
* * * LOW HITPOINT WARNING * * *
You hit the goblin.
The goblin is heavily wounded.
* * * LOW HITPOINT WARNING * * *
You feel sick. The goblin barely misses you.
You closely miss the goblin.
The goblin is heavily wounded.
The goblin hits you with a dagger.
* * * LOW HITPOINT WARNING * * *
You closely miss the goblin.
The goblin is heavily wounded.
You die...

*,,,,,,,*
#........).#**,,***
*,**,**,*
#.......####,,,,,_*
*,**,**,*
#.......#*,***,,***
*,**,**,*
#.......#*,**,,,,⌠*
*,**,**,*
#.......#*,***,,***
*,,,,,,,*
#.......#*,**,,,,,*
*,,,,,,,*
#.......#*,**8,,8**
****,****
####.####**,,,,,,*
*,********#@#
**,***** *
*,*,......g.#******,*
*
*,*,#......$.,,,,,,,*
*
*,*,...###..##*******
* *,**#.,* #..# *
*,,,<,,**#..#
**********,,,,...#
******* ,,,,,,*
*,***##.# *,,,,,,
*,*,*,* *,,,,,,,**
*,*****


You could see a goblin.

Vanquished Creatures
  An adder (D:2)
  A worm (D:2)
  A dart slug (D:1)
  5 bats (D:1)
  A giant cockroach (D:1)
  2 goblins
  2 hobgoblins (D:1)
  3 jackals (D:1)
  A ball python (D:2)
  A kobold (D:1)
  A rat (D:1)
19 creatures vanquished.

Notes
Turn   | Place    | Note
-------+----------+-------------------------------------------
     0 | D:1      | AlphabetPasta the Null Wanderer began the quest for the Orb.
     0 | D:1      | AlphabetPasta set off with: a +2 dagger, a scroll of blinking, the Incunabulum of Poison, a potion of lignification, a +0 robe, a bread ration
     0 | D:1      | Reached XP level 1. HP: 18/18 MP: 2/2
     0 | D:1      | Identified the Incunabulum of Poison
     2 | D:1      | Learned a level 1 spell: Sting
   183 | D:1      | Reached XP level 2. HP: 17/24 MP: 2/4
   852 | D:2      | Reached XP level 3. HP: 20/29 MP: 0/5
   901 | D:2      | Reached skill level 1 in Poison Magic
   906 | D:2      | HP: 1/29 [goblin/dagger (3)]
   907 | D:2      | Succumbed to an adder's poison

Skill      XL: |  1  2  3 |
---------------+----------+-----
Poison Magic   | 1 |  1.0
Fighting       | |  3.4
Maces & Flails | |  1.0
Armour         | |  1.4
Dodging        | |  0.4
Stealth        | |  1.7
Spellcasting   | |  1.4
Conjurations   | |  1.6
Fire Magic     | |  1.0

Action                   || total
-------------------------++-------
Melee: Dagger            ||    50
 Cast: Sting             ||    28
  Use: Scroll            ||     3
  Eat: Chunk             ||     1
Armor: Robe              ||    18
Dodge: Dodged            ||    22
